 Dungeon Crawl Stone Soup version 0.23.0 (webtiles) character file.

Game seed: 2290226616974212653

3528 misha the Fighter (level 9, -9/83 HPs)
             Began as a Minotaur Fighter on Feb 17, 2019.
             Was a Priest of Okawaru.
             Mangled by Grum
             ... wielding a +0 glaive of protection
              (18 damage)
             ... on level 8 of the Dungeon.
             The game lasted 00:53:43 (9313 turns).

misha the Fighter (Minotaur Fighter)                Turns: 9313, Time: 00:53:44

Health: -9/83      AC:  6    Str: 25    XL:     9   Next: 82%
Magic:  8/8        EV:  9    Int:  7    God:    Okawaru [***...]
Gold:   311        SH: 11    Dex:  9    Spells: 8/8 levels left

rFire    . . .     SeeInvis .   a - +2 whip (flame)
rCold    . . .     Gourm    .   c - +0 shield
rNeg     . . .     Faith    .   S - +0 troll leather armour
rPois    .         Spirit   .   (helmet restricted)
rElec    .         Reflect  .   (no cloak)
rCorr    .         Harm     .   (no gloves)
MR       .....                  (no boots)
Stlth    +.........             (no amulet)
HPRegen  0.63/turn              r - +1 ring of protection
MPRegen  0.11/turn              p - +2 ring of intelligence

@: no status effects
A: retaliatory headbutt, horns 2
a: Heroism, Renounce Religion


You were on level 8 of the Dungeon.
You worshipped Okawaru.
Okawaru was most pleased with you.
You were not hungry.

You visited 1 branch of the dungeon, and saw 8 of its levels.

You collected 311 gold pieces.

Inventory:

Hand Weapons
 a - a +2 whip of flaming (weapon)
 b - the +3 dagger of Upheaval {pierce, rElec rN+}
   (You found it on level 5 of the Dungeon)

   It inflicts extra damage upon your enemies.
   It insulates you from electricity.
   It protects you from negative energy.
 w - a +4 quarterstaff of chaos
 H - a +0 rapier
 M - a +0 battleaxe
Missiles
 P - a throwing net (quivered)
Armour
 c - a +0 shield (worn)
 y - a +0 scale mail
 z - a +0 cloak
 C - a +0 robe
 S - a +0 troll leather armour (worn)
Jewellery
 m - an uncursed ring of ice {unknown}
 p - a +2 ring of intelligence (right hand)
 q - a cursed ring of attention {unknown}
 r - a +1 ring of protection (left hand)
 I - an uncursed ring of fire {unknown}
 K - an uncursed ring of wizardry {unknown}
 N - an uncursed ring of protection from cold {unknown}
 Q - an uncursed ring of ice {unknown}
Wands
 B - a wand of flame (25)
 E - a wand of polymorph (7)
 F - a wand of random effects (19)
 O - a wand of disintegration (8)
Scrolls
 g - 4 scrolls of magic mapping {unknown}
 i - 2 scrolls of blinking {unknown}
 j - 2 scrolls of enchant armour {unknown}
 n - 7 scrolls of identify {unknown}
 u - 6 scrolls of remove curse {unknown}
 v - a scroll of fog {unknown}
 G - a scroll of fear {unknown}
 J - a scroll of teleportation {unknown}
 L - a scroll of enchant weapon {unknown}
Potions
 d - a potion of might
 e - 2 potions of flight {unknown}
 h - a potion of mutation {unknown}
 k - 4 potions of lignification {unknown}
 l - 2 potions of heal wounds {unknown}
 o - 4 potions of berserk rage {unknown}
 s - 2 potions of magic {unknown}
 t - a potion of curing
 x - 3 potions of cancellation {unknown}
 A - a potion of haste
 D - 2 potions of degeneration {unknown}
 R - a potion of brilliance {unknown}
Comestibles
 f - 18 rations


   Skills:
 * Level 9.2 Fighting
 + Level 6.6 Short Blades
 + Level 6.2 Maces & Flails
 + Level 8.9 Armour
 + Level 8.4 Shields
 + Level 0.9 Evocations


You had 8 spell levels left.
You didn't know any spells.
Your spell library contained the following spells:

 Spells                   Type           Power        Failure   Level  Hunger
 Animate Skeleton         Necr           N/A          77%         1    ##.....
 Apportation              Tloc           #.....       77%         1    ##.....
 Confusing Touch          Hex            #.....       77%         1    ##.....
 Freeze                   Ice            #...         77%         1    ##.....
 Sandblast                Erth           #.....       77%         1    ##.....
 Summon Butterflies       Summ           #.......     77%         1    ##.....
 Summon Small Mammal      Summ           #...         77%         1    ##.....
 Call Imp                 Summ           #.......     88%         2    ###....
 Passwall                 Tmut/Erth      #.......     88%         2    ###....
 Throw Frost              Conj/Ice       #.....       88%         2    ###....
 Call Canine Familiar     Summ           #.......     98%         3    ####...
 Ozocubu's Armour         Chrm/Ice       #.......     98%         3    ####...
 Stone Arrow              Conj/Erth      #.....       98%         3    ####...
 Summon Guardian Golem    Hex/Summ       #.......     98%         3    ####...
 Petrify                  Tmut/Erth      #.......     100%        4    #####..
 Summon Ice Beast         Ice/Summ       #.......     100%        4    #####..
 Throw Icicle             Conj/Ice       #.......     100%        4    #####..
 Lee's Rapid Deconstruct  Erth           #.........   100%        5    ######.
 Summon Forest            Summ/Tloc      #.........   100%        5    ######.
 Bolt of Fire             Conj/Fire      #.........   100%        6    #######


Dungeon Overview and Level Annotations

Branches:
Dungeon (8/15)             Temple (0/1) D:4
   Lair: D:8-11

Altars:
Cheibriados
Fedhas
Gozag
Kikubaaqudgha
Makhleb
Nemelex Xobeh
Okawaru
Ru
Trog
Vehumet
Xom

Annotations:
D:8 Grum


Innate Abilities, Weirdness & Mutations

You reflexively headbutt those who attack you in melee.
You have a pair of horns on your head.


Message History

You hit the wolf. You burn the wolf. Your headbutt misses the wolf.
The wolf is severely wounded.
You block the wolf's attack.
Grum hits you from afar with a +0 glaive of protection!
* * * LOW HITPOINT WARNING * * *
You hit the wolf. You burn the wolf.
You kill the wolf!
Okawaru accepts your kill. You block Grum's attack.
You closely miss the yak. You headbutt the yak.
The yak is lightly wounded.
You block the yak's attack.
You whack the yak! You burn the yak. You headbutt the yak.
The yak is moderately wounded.
You block Grum's attack. You block the yak's attack.
You hit the yak but do no damage.
The yak is moderately wounded.
You block the yak's attack.
Grum hits you from afar with a +0 glaive of protection!!
You die...

#...##..##.
........##..#############
........#.............<.#
........#............†..#
#...##..# ##@#####'##
#...##..########Y###....#
...............gh.......#
........................#
........................#
######..##..###.###.##..#
##..##..##+.....###)#####
#....#(............).#
+....#........###....#


You could see Grum, a yak and a wolf.

Vanquished Creatures
  Harold (D:7)
  Pikel (D:4)
  A troll (D:7)
  A hippogriff (D:8)
  A spriggan (D:7)
  Menkaure (D:4)
  Duvessa (D:7)
  An orc warrior (D:7)
  A black bear (D:8)
  A phantom (D:5)
  2 centaurs
  An ogre (D:5)
  A wolf (D:8)
  A big kobold (D:8)
  Dowan (D:7)
  A wyvern skeleton (D:7)
  A howler monkey (D:5)
  2 crimson imps
  2 centaur zombies
  A hound (D:4)
  A bullfrog skeleton (D:6)
  2 orc priests
  Crazy Yiuf (D:2)
  3 orc wizards
  Terence (D:2)
  Ijyb (D:4)
  An iguana (D:4)
  3 worker ants
  A hound skeleton (D:5)
  A howler monkey zombie (D:5)
  Robin (D:4)
  A howler monkey skeleton (D:5)
  12 adders
  2 river rats (D:5)
  A white imp (D:8)
  6 worms
  An adder skeleton (D:5)
  3 dart slugs
  4 leopard geckos
  22 orcs
  5 giant cockroaches
  15 goblins
  11 hobgoblins
  2 jackals (D:8)
  4 quokkas
  2 ball pythons
  4 bats
  4 frilled lizards
  A jackal skeleton (D:6)
  12 kobolds
  A leopard gecko skeleton (D:4)
  A leopard gecko zombie (D:6)
  15 rats
168 creatures vanquished.

Vanquished Creatures (others)
  A slave (D:4)
  A fungus (D:8)
  3 plants (D:8)
5 creatures vanquished.

Grand Total: 173 creatures vanquished

Notes
Turn   | Place    | Note
-------+----------+-------------------------------------------
     0 | D:1      | misha the Minotaur Fighter began the quest for the Orb.
     0 | D:1      | Reached XP level 1. HP: 19/19 MP: 0/0
   305 | D:1      | Reached XP level 2. HP: 27/27 MP: 1/1
   378 | D:1      | Found a snail-covered altar of Cheibriados.
   759 | D:1      | You fall through a shaft!
   768 | D:2      | Reached skill level 4 in Fighting
   820 | D:2      | Reached XP level 3. HP: 33/33 MP: 2/2
  1314 | D:2      | Found an iron altar of Okawaru.
  1348 | D:2      | Became a worshipper of Warmaster Okawaru
  1419 | D:2      | Noticed Terence
  1463 | D:2      | Killed Terence
  1463 | D:2      | Reached XP level 4. HP: 34/41 MP: 3/3
  1668 | D:2      | Found a faded altar of an unknown god.
  2316 | D:2      | Found a blossoming altar of Fedhas.
  2316 | D:2      | Found a burning altar of Makhleb.
  2398 | D:2      | Found a runed translucent door.
  2399 | D:2      | Noticed Crazy Yiuf
  2407 | D:2      | Killed Crazy Yiuf
  2748 | D:3      | Noticed a centaur
  2760 | D:3      | Killed a centaur
  2760 | D:3      | Reached * piety under Okawaru
  2760 | D:3      | Reached XP level 5. HP: 33/47 MP: 4/4
  2765 | D:3      | Reached skill level 5 in Fighting
  2776 | D:3      | Reached skill level 5 in Armour
  2776 | D:3      | Reached XP level 6. HP: 36/56 MP: 5/5
  3827 | D:3      | Noticed a moth of wrath
  3830 | D:3      | Found a bloodstained altar of Trog.
  3965 | D:4      | Noticed Ijyb
  4008 | D:4      | Killed Ijyb
  4008 | D:4      | Reached skill level 5 in Short Blades
  4120 | D:4      | Noticed a slave
  4120 | D:4      | Noticed a slave
  4121 | D:4      | Noticed Pikel
  4125 | D:4      | Noticed a slave
  4133 | D:4      | Noticed a slave
  4137 | D:4      | Killed Pikel
  4137 | D:4      | Reached skill level 6 in Fighting
  4137 | D:4      | Reached skill level 5 in Shields
  4137 | D:4      | Reached XP level 7. HP: 50/63 MP: 6/6
  4236 | D:4      | Found a staircase to the Ecumenical Temple.
  4239 | D:4      | Reached ** piety under Okawaru
  4325 | D:4      | Noticed Robin
  4329 | D:4      | Found a shimmering altar of Xom.
  4358 | D:4      | Killed Robin
  4484 | D:4      | Found a sparkling altar of Nemelex Xobeh.
  4819 | D:5      | Entered Level 5 of the Dungeon
  4819 | D:5      | Noticed Menkaure
  4842 | D:4      | Killed Menkaure
  4842 | D:4      | Reached skill level 1 in Maces & Flails
  4842 | D:4      | Reached XP level 8. HP: 15/71 MP: 7/7
  5589 | D:5      | Reached skill level 7 in Fighting
  6193 | D:5      | Identified the Handbook of Creative Fire
  6244 | D:5      | Found a radiant altar of Vehumet.
  6451 | D:5      | Got a scorched dagger
  6489 | D:6      | Identified the +3 dagger of Upheaval {pierce, rElec rN+}
                  | (You found it on level 5 of the Dungeon)
  7677 | D:7      | Noticed Harold
  7692 | D:7      | Killed Harold
  7692 | D:7      | Reached *** piety under Okawaru
  7692 | D:7      | Reached skill level 8 in Fighting
  7692 | D:7      | Reached XP level 9. HP: 30/81 MP: 8/8
  7955 | D:7      | Noticed Duvessa
  7955 | D:7      | Noticed Dowan
  7973 | D:7      | Killed Duvessa
  7977 | D:7      | Killed Dowan
  8215 | D:7      | Reached skill level 5 in Maces & Flails
  8298 | D:7      | Found an ancient bone altar of Kikubaaqudgha.
  8298 | D:7      | Found an opulent altar of Gozag.
  8299 | D:7      | Found a sacrificial altar of Ru.
  8362 | D:7      | Noticed a troll
  8387 | D:7      | Killed a troll
  9136 | D:8      | Reached skill level 9 in Fighting
  9269 | D:8      | Noticed Grum
  9313 | D:8      | Mangled by Grum

Skill      XL: |  1  2  3  4  5  6  7  8  9 |
---------------+----------------------------+-----
Shields        | 4 5 7 8 |  8.4
Armour         | 4 5 6 8 |  8.9
Fighting       | 4 5 6 8 9 |  9.2
Short Blades   | 4 6 |  6.6
Maces & Flails | 1 4 6 |  6.2
Evocations     | |  0.9

Action                   |  1- 3 |  4- 6 |  7- 9 || total
-------------------------+-------+-------+-------++-------
Melee: Rapier            |    70 |   166 |     1 ||   237
       Headbutt          |     8 |    34 |    56 ||    98
       Whip              |       |       |   288 ||   288
       Dagger            |       |       |    24 ||    24
Invok: Heroism           |       |     1 |     1 ||     2
Evoke: Wand              |       |     1 |    10 ||    11
  Use: Potion            |       |       |     2 ||     2
  Eat: Chunk             |       |     5 |     2 ||     7
       Ration            |       |     3 |     3 ||     6
Armor: Scale mail        |    26 |    74 |    91 ||   191
       Troll leather arm |       |       |    26 ||    26
Dodge: Dodged            |    18 |    50 |   117 ||   185
Block: Shield            |    28 |    64 |   202 ||   294
